 Dungeon Crawl Stone Soup version 0.28.0-43-g3370ac3207 (webtiles) character file.

Game seed: 6460927907741876013

352 zeratav the Ruffian (level 6, -4/53 HPs)
             Began as a Ghoul Monk on Mar 29, 2022.
             Was an Initiate of Ashenzari.
             Slain by a gnoll
             ... wielding a +0 spear
              (6 damage)
             ... on level 3 of the Dungeon.
             The game lasted 00:27:25 (3498 turns).

zeratav the Ruffian (Ghoul Monk)                    Turns: 3498, Time: 00:27:25

Health: -4/53      AC:  6    Str: 15    XL:     6   Next: 62%
Magic:  5/5        EV: 10    Int:  5    God:    Ashenzari [......]
Gold:   105        SH:  0    Dex: 13    Spells: 5/5 levels left

rFire   . . .      SeeInvis .     - Unarmed
rCold   + . .      Faith    .   (no shield)
rNeg    + + +      Spirit   .   j - +0 scale mail "Oscillating Fan" {Cun, Self} (curse)
rPois   ∞          Reflect  .   (no helmet)
rElec   .          Harm     .   (no cloak)
rCorr   .          Rampage  .   (no gloves)
Will    .....                   (no boots)
Stlth   ..........              (no amulet)
HPRegen 0.00/turn               (no ring)
MPRegen 0.09/turn               (no ring)

@: confused, inhibited regen, hasted, very quick
A: claws 1, cold resistance 1, negative energy resistance 3, inhibited
regeneration, torment resistance 2
a: Renounce Religion, Curse Item, Shatter the Chains


You were on level 3 of the Dungeon.
You worshipped Ashenzari.
Ashenzari was noncommittal.
You visited 1 branch of the dungeon, and saw 3 of its levels.

You collected 105 gold pieces.

Inventory:

Hand Weapons
 k - a +0 dagger of protection
 m - a +0 hunting sling
Missiles
 d - 10 poisoned darts
 f - 100 stones (quivered)
 h - 15 arrows
Armour
 a - a +0 robe
 j - the cursed +0 scale mail "Oscillating Fan" (worn) {Cun, Self}
   (You found it on level 2 of the Dungeon)

   It has a curse which improves the following skills: Cunning: Dodging and
   Stealth.
   Introspection: Fighting and Spellcasting.
 n - a +0 leather armour
 q - a +0 ring mail
Magical Staves
 l - a staff of poison
Scrolls
 b - a scroll of immolation {unknown}
 g - 3 scrolls of identify
 i - a scroll of vulnerability
 o - a scroll of fog {unknown}
Potions
 c - 2 potions of flight


   Skills:
 + Level 4.2(4.6) Fighting
 + Level 1.3 Armour
 + Level 3.8(4.2) Dodging
 + Level 3.1(3.5) Stealth
 + Level 6.0 Unarmed Combat


You had 5 spell levels left.
You didn't know any spells.
Your spell library contained the following spells:

 Spells                   Type           Power      Damage    Failure   Level
 Pain                     Necr           0%         1d4       91%         1
 Sting                    Tmut/Pois      0%         1d3       91%         1
 Poisonous Vapours        Pois/Air       0%         N/A       97%         2
 Static Discharge         Conj/Air       0%         N/A       97%         2
 Olgreb's Toxic Radiance  Pois           0%         N/A       100%        4
 Agony                    Necr           0%         N/A       100%        5
 Excruciating Wounds      Necr           0%         N/A       100%        5
 Lightning Bolt           Conj/Air       0%         1d11      100%        5
 Maxwell's Capacitive Co  Air            0%         ∞         100%        8


Dungeon Overview and Level Annotations

Branches:
Dungeon (3/15)

Altars:
Ashenzari

Shops:
D:3 (

Annotations:
D:3 1 transporter


Innate Abilities, Weirdness & Mutations

You thrive by killing the living.
You are immune to poison.
You have sharp fingernails.
Your flesh is cold resistant. (rC+)
You are immune to negative energy. (rN+++)
You do not regenerate when monsters are visible.
You are immune to unholy pain and torment.


Message History

IBeShadow's ghost is lightly damaged.
The gnoll hits you from afar with a +0 spear.
IBeShadow's ghost hits you.
You scratch IBeShadow's ghost.
IBeShadow's ghost is moderately damaged.
The gnoll hits you from afar with a +0 spear.
IBeShadow's ghost hits you.
You claw IBeShadow's ghost!
IBeShadow's ghost is almost destroyed.
The gnoll completely misses you. IBeShadow's ghost hits you.
You claw IBeShadow's ghost!
You destroy IBeShadow's ghost!
The gnoll hits you from afar with a +0 spear.
The gnoll hits you with a +0 spear.
There is an open translucent door here.
You see here a +0 flail.
You scratch the gnoll.
The gnoll is moderately wounded.
The gnoll zaps a wand.
Your will is overpowered!
You are confused.
The gnoll hits you from afar with a +0 spear of venom.
The gnoll hits you from afar with a +0 spear of venom.
* * * LOW HITPOINT WARNING * * *
You bump into the stone wall.
The gnoll barely misses you. The gnoll closely misses you.
You bump into the stone wall.
The gnoll hits you with a +0 spear.
* * * LOW HITPOINT WARNING * * *
The gnoll barely misses you.
It was a potion of lignification.
You feel woody for a moment. The gnoll hits you with a +0 spear.
* * * LOW HITPOINT WARNING * * *
The gnoll hits you but does no damage.
It was a potion of haste.
You feel yourself speed up. The gnoll hits you with a +0 spear.
* * * LOW HITPOINT WARNING * * *
The gnoll hits you from afar with a +0 spear of venom.
* * * LOW HITPOINT WARNING * * *
Okay, then.
You bump into the stone wall.
The gnoll hits you with a +0 spear.
You die...

#.#.≈≈##g###g###.##≈≈.##..
#.#.≈≈#g....g.....#≈≈.....
# #.≈≈###.##'##g###≈≈.##..
#.≈≈..#.#. $# #..≈≈.....
#.≈≈.##.#...#.##.≈≈..##+
#.≈≈.#.g#$:W#.©#.≈≈...+∩
#.≈≈.##g#####.##.≈≈.#.#'
#.....#.#8⌠8#.#..≈≈.....
#....©#@g.©.'.#©.≈≈..#.#
#.....#.#...#.#..≈≈..#.#
#...≈≈.##.##.##.##.≈≈..#.#
#...≈≈.#..#...#gg#.≈≈...<#
#.#.≈≈.##.'...'.##.≈≈.....
#.#.≈≈..#.#P..#.#..≈≈.....
#.#.≈≈###.##'##.###≈≈....#
# #.≈≈#...........#≈≈...†.
##.##≈≈...†.


You could see 3 gnolls.

Vanquished Creatures
  An ice beast (D:3)
  A necrophage (D:2)
  A bullfrog zombie (D:3)
  A gnoll (D:3)
  6 adders
  4 worms
  The ghost of IBeShadow the Sneak, a weakling BaDe (D:3)
  5 dart slugs
  An orc (D:3)
  6 ball pythons
  5 bats (D:1)
  3 endoplasms
  2 giant cockroaches
  7 goblins
  6 hobgoblins
  2 quokkas (D:1)
  4 frilled lizards
  5 kobolds
  4 rats
65 creatures vanquished.

Vanquished Creatures (others)
  5 plants (D:3)
5 creatures vanquished.

Grand Total: 70 creatures vanquished

Notes
Turn   | Place    | Note
-------+----------+-------------------------------------------
     0 | D:1      | zeratav the Ghoul Monk began the quest for the Orb.
     0 | D:1      | Reached XP level 1. HP: 19/19 MP: 0/0
    72 | D:1      | Reached XP level 2. HP: 26/26 MP: 1/1
   447 | D:1      | Reached XP level 3. HP: 28/31 MP: 2/2
   472 | D:1      | Reached skill level 4 in Unarmed Combat
   797 | D:2      | Noticed a necrophage
   828 | D:2      | Killed a necrophage
   829 | D:2      | Reached XP level 4. HP: 13/40 MP: 3/3
   829 | D:2      | Reached XP level 5. HP: 15/46 MP: 4/4
  1145 | D:2      | Found a faded altar of an unknown god.
  1468 | D:2      | Prayed at the altar of an unknown god.
  1468 | D:2      | Became a worshipper of Ashenzari the Shackled
  1870 | D:2      | Reached skill level 5 in Unarmed Combat
  2168 | D:2      | You fall into a shaft and drop 1 floor!
  2254 | D:3      | Found Zixifreg's Weapon Shop.
  2270 | D:3      | Found a transporter.
  3081 | D:3      | Noticed IBeShadow's ghost (weakling BaDe)
  3159 | D:3      | Reached XP level 6. HP: 46/53 MP: 5/5
  3277 | D:3      | Noticed an ice beast
  3289 | D:3      | Killed an ice beast
  3290 | D:3      | Reached skill level 1 in Armour
  3290 | D:3      | Reached skill level 6 in Unarmed Combat
  3464 | D:3      | Found a transporter.
  3490 | D:3      | Killed IBeShadow's ghost
  3497 | D:3      | HP: 2/53 [gnoll/+0 spear of venom (3)]
  3498 | D:3      | Slain by a gnoll

Illustrated notes

Levels and vault maps discovered:
D:1:      erik_arrival_blinker_ship, layout_rooms, kennysheep_boxes
D:2:      minmay_door_path, layout_basic, nicolae_ecumenical_oubliette,
          chequers_serial_rivers_marsh, minmay_pentomino_pile
D:3:      wad_crossroads, layout_basic, gammafunk_ghost_gnarly_gnolls,
          serial_shops, nicolae_shop_behind_doors, minmay_misc_feat_tower,
          fountainhead

Skill      XL: |  1  2  3  4  5  6 |
---------------+-------------------+-----
Dodging        | 3 |  3.8
Unarmed Combat | 4 5 6 |  6.0
Fighting       | 4 |  4.2
Armour         | 1 |  1.3
Stealth        | 3 |  3.1

Action                   |  1- 3 |  4- 6 || total
-------------------------+-------+-------++-------
Melee: Unarmed           |   100 |   120 ||   220
       Punch             |     4 |     6 ||    10
Throw: Stone             |     3 |       ||     3
Invok: Curse Item        |       |     1 ||     1
  Use: Potion            |     3 |     2 ||     5
       Scroll            |       |     2 ||     2
 Stab: Sleeping          |     1 |       ||     1
Armor: Robe              |    14 |       ||    14
       Scale mail        |       |    45 ||    45
Dodge: Dodged            |    59 |    49 ||   108
